 Dungeon Sprint DCSS version 0.31-a0-1227-g0136665373 (webtiles) character file.

Game seed: 12063268634831652373

2724 fozzywoppz the Basher (level 9, -5/66 HPs)
             Began as a Gargoyle Fighter on Dec 14, 2023.
             Was a Priest of Okawaru.
             Slain by an efreet
             ... wielding a +2 scimitar of flaming
              (8 damage)
             ... in the Dungeon (Sprint IX: "|||||||||||||||||||||||||||||").
             The game lasted 00:03:31 (578 turns).

fozzywoppz the Basher (Gargoyle Fighter)             Turns: 578, Time: 00:03:32

Health: -5/66      AC: 21    Str: 24    XL:     9   Next: 67%
Magic:  17/18      EV: 10    Int: 10    God:    Okawaru [***...]
Gold:   0          SH:  5    Dex: 11    Spells: 8/8 levels left

rFire   . . .        a - +0 flail
rCold   . . .        c - +0 buckler
rNeg    + . .        p - +1 chain mail
rPois   ∞            (no helmet)
rElec   +            (no cloak)
rCorr   .            b - +0 pair of gloves
SInv    .            q - +0 pair of boots
Will    .....        (no amulet) Stlth
                     n - +2 ring of protection
HPRegen 0.31/turn    o - +3 ring of strength
MPRegen 0.16/turn

%: no teleportation
@: hasted (expiring), very quick
A: sickness immunity, AC +6, negative energy resistance 1, electricity
resistance, torment resistance 1, petrification resistance
a: Renounce Religion, Heroism


You were in the Dungeon.
You worshipped Okawaru.
Okawaru was most pleased with you.
You visited 1 branch

Inventory:

Hand Weapons
 a - a +0 flail (weapon)
 r - a +2 heavy dire flail
Armour
 b - a +0 pair of gloves (worn)
 c - a +0 buckler (worn)
 p - a +1 chain mail (worn)
 q - a +0 pair of boots (worn)
Jewellery
 n - a +2 ring of protection (left hand)
 o - a +3 ring of strength (right hand)
Scrolls
 j - 2 scrolls of blinking
 l - 2 scrolls of amnesia
Potions
 e - 5 potions of curing
 h - 4 potions of magic
 k - a potion of invisibility


   Skills:
 + Level 12.3 Fighting
 + Level 12.8 Maces & Flails
 - Level 5.0 Armour
 + Level 5.5 Dodging
 - Level 5.0 Shields
 + Level 12.6 Invocations


You had 8 spell levels left.
You didn't know any spells.
Your spell library was empty.

Dungeon Overview and Level Annotations

Branches:
Dungeon (1/1)

Altars:
Cheibriados
Dithmenos
Elyvilon
Fedhas
Gozag
Hepliaklqana
Kikubaaqudgha
Makhleb
Nemelex Xobeh
Okawaru
Qazlal
Ru
Sif Muna
Trog
Uskayaw
Vehumet
Wu Jian
Xom
Yredelemnul
Zin
The Shining One
Jiyva
Lugonu


Innate Abilities, Weirdness & Mutations

You are immune to sickness and miasma.
Your stone body is resilient. (AC +6)
You are immune to poison.
You resist negative energy. (rN+)
You are resistant to electric shocks. (rElec)
You are resistant to unholy torment.
You are immune to petrification.


Message History

Your Invocations skill increases to level 12!
You barely miss the troll. You block the troll's attack. The troll misses you.
The troll barely misses you.
You feel much better.
You closely miss the troll.
You feel like a meek peon again. The troll bites you.
The troll claws you but does no damage. x2
You sock the troll!
The troll is heavily wounded.
You hit the troll.
The troll is heavily wounded.
Your extra speed is starting to run out.
The troll misses you.
The troll claws you but does no damage. x2
You barely miss the troll.
The troll is heavily wounded.
The troll bites you but does no damage. The troll claws you.
The troll claws you but does no damage.
You closely miss the troll.
The troll is heavily wounded.
You hit the troll.
The troll is heavily wounded.
The troll bites you but does no damage.
The troll claws you but does no damage. x2
You closely miss the troll.
The troll is heavily wounded.
You sock the troll!
The troll is almost dead.
The troll closely misses you. The troll claws you but does no damage.
You block the troll's attack.
You hit the troll.
You kill the troll!
Okawaru accepts your kill.
The efreet hits you with a +2 scimitar of flaming!
The efreet burns you.
* * * LOW HITPOINT WARNING * * *
You barely miss the efreet. You barely miss the efreet.
The efreet hits you with a +2 scimitar of flaming!
* * * LOW HITPOINT WARNING * * *
The efreet burns you!
You die... ▓▓▓▓▓▓▓▓▓▓▓▓▓▓▓▓▓▓▓▓▓▓ )..[...)).....)[@R...+ ▓▓▓▓▓▓▓▓▓▓▓▓▓▓▓▓▓▓▓▓▓▓

You could see an efreet.

Vanquished Creatures
  A tengu warrior (D)
  A manticore (D)
  A cyclops (D)
  A kobold demonologist (D)
  2 trolls (D)
  A wraith (D)
  2 wyverns (D)
  An orc warrior (D)
  A scorpion (D)
  A hound (D)
  An orc wizard (D)
  An adder (D)
  A white imp (D)
  A worm (D)
  A dart slug (D)
  A hobgoblin (D)
  2 quokkas (D)
  A rat (D)
21 creatures vanquished.

Notes
Turn   | Place    | Note
-------+----------+-------------------------------------------
     0 | D        | fozzywoppz the Gargoyle Fighter began the quest for the
                  | Orb.
     0 | D        | Reached XP level 1. HP: 14/14 MP: 1/1
    36 | D        | Reached XP level 2. HP: 12/20 MP: 2/2
    71 | D        | Noticed a scorpion
    88 | D        | Reached XP level 3. HP: 18/24 MP: 3/3
    95 | D        | Killed a scorpion
    96 | D        | Reached skill level 5 in Armour
    96 | D        | Reached skill level 5 in Shields
    96 | D        | Reached XP level 4. HP: 13/32 MP: 4/4
   106 | D        | Reached skill level 5 in Maces & Flails
   120 | D        | Found a snail-covered altar of Cheibriados.
   120 | D        | Found a shadowy altar of Dithmenos.
   120 | D        | Found a white marble altar of Elyvilon.
   120 | D        | Found a blossoming altar of Fedhas.
   120 | D        | Found an opulent altar of Gozag.
   121 | D        | Found a hazy altar of Hepliaklqana.
   122 | D        | Found a viscous altar of Jiyva.
   123 | D        | Found an ancient bone altar of Kikubaaqudgha.
   124 | D        | Found a corrupted altar of Lugonu.
   125 | D        | Found a burning altar of Makhleb.
   126 | D        | Found a sparkling altar of Nemelex Xobeh.
   127 | D        | Found an iron altar of Okawaru.
   128 | D        | Found a stormy altar of Qazlal.
   129 | D        | Found a sacrificial altar of Ru.
   130 | D        | Found a shimmering blue altar of Sif Muna.
   131 | D        | Found a bloodstained altar of Trog.
   132 | D        | Found a hide-covered altar of Uskayaw.
   133 | D        | Found a radiant altar of Vehumet.
   134 | D        | Found an ornate altar of the Wu Jian Council.
   135 | D        | Became a worshipper of Warmaster Okawaru
   136 | D        | Found a shimmering altar of Xom.
   137 | D        | Found a basalt altar of Yredelemnul.
   138 | D        | Found a glowing silver altar of Zin.
   139 | D        | Found a glowing golden altar of the Shining One.
   254 | D        | Noticed a wraith
   254 | D        | Noticed a wyvern
   254 | D        | Noticed an orc warrior
   254 | D        | Noticed a wyvern
   254 | D        | Noticed a kobold demonologist
   262 | D        | Killed a wraith
   262 | D        | Reached * piety under Okawaru
   263 | D        | Reached XP level 5. HP: 22/40 MP: 4/8
   263 | D        | Reached XP level 6. HP: 24/45 MP: 4/9
   268 | D        | Noticed a chaos spawn
   268 | D        | Killed a wyvern
   274 | D        | Killed a wyvern
   275 | D        | Reached skill level 10 in Fighting
   275 | D        | Reached XP level 7. HP: 24/52 MP: 3/13
   276 | D        | Noticed an orange demon
   279 | D        | Reached skill level 10 in Maces & Flails
   281 | D        | Noticed a chaos spawn
   292 | D        | Noticed a soul eater
   305 | D        | Noticed a rust devil
   310 | D        | Noticed an ice devil
   323 | D        | HP: 3/78 [kobold demonologist/+0 dagger (7)]
   324 | D        | Killed a kobold demonologist
   324 | D        | Reached ** piety under Okawaru
   325 | D        | Reached skill level 10 in Invocations
   325 | D        | Reached XP level 8. HP: 4/57 MP: 9/15
   523 | D        | Noticed a cyclops
   523 | D        | Noticed a manticore
   523 | D        | Noticed a tengu warrior
   523 | D        | Noticed a troll
   523 | D        | Noticed a troll
   523 | D        | Noticed an efreet
   536 | D        | Killed a cyclops
   544 | D        | Killed a manticore
   545 | D        | Reached XP level 9. HP: 40/64 MP: 14/17
   558 | D        | Killed a troll
   564 | D        | Killed a tengu warrior
   564 | D        | Reached *** piety under Okawaru
   565 | D        | Reached skill level 5 in Dodging
   575 | D        | Killed a troll
   578 | D        | HP: 3/66 [efreet/+2 scimitar of flaming (16)]
   578 | D        | Slain by an efreet

Illustrated notes

Levels and vault maps discovered:
D:        linesprint [early_d, line_temple, items_1, d_10, items_2, lair_1,
          lair_end, items_3, orc_1, orc_end, items_4, d_15, swamp_1, shoals_1,
          snake_1, spider_1, d_20, vaults_1, items_5, swamp_end, shoals_end,
          snake_end, spider_end, vaults_end, d_27, items_6, zot_1, zot_end,
          crypt_end, forest_end, elf_end, slime_end, tomb_end, abyss_end,
          pan_hell_end]

Skill      XL: |  1  2  3  4  5  6  7  8  9 |
---------------+----------------------------+-----
Fighting       | 4 6 8 10 11 12 | 12.3
Maces & Flails | 3 4 7 9 11 12 | 12.8
Armour         | 4 5 |  5.0
Shields        | 4 5 |  5.0
Invocations    | 4 8 10 11 12 | 12.6
Dodging        | 3 5 |  5.5

Action                     |  1- 3 |  4- 6 |  7- 9 || total
---------------------------+-------+-------+-------++-------
  Melee: Flail             |    55 |    35 |    84 ||   174
 Invoke: Heroism           |       |     1 |     1 ||     2
  Evoke: Wand              |       |       |    10 ||    10
    Use: Potion            |       |     2 |     4 ||     6
 Armour: Scale mail        |    30 |     8 |       ||    38
         Chain mail        |       |    23 |    78 ||   101
  Dodge: Dodged            |    28 |    16 |    37 ||    81
  Block: Buckler           |    15 |     8 |    17 ||    40

Table legend: (Time is in decaauts)
 A = Elapsed time spent in this place.
 B = Non-inter-level travel time spent in this place.
 C = Inter-level travel time spent in this place.
 D = Time resting spent in this place.
 E = Time spent auto-exploring this place.
 F = Levels seen in this place.
 G = Mean time per level.
                   A        B        C        D        E       F      G
               +--------+--------+--------+--------+--------+-----+--------+
         Total |    577 |    577 |      0 |    265 |      0 |   1 |  577.0 |
       Dungeon |    577 |    577 |      0 |    265 |      0 |   1 |  577.0 |
               +--------+--------+--------+--------+--------+-----+--------+

Top non-repeatable levels by time:
       D: 577 daAuts
